 Dungeon Crawl Stone Soup version 0.31.0-11-ge490571c62 (webtiles) character file.

Game seed: 7614625678636356177

597 bearlyready the Ruffian (level 7, -2/45 HPs)
             Began as an Octopode Shapeshifter on Feb 7, 2024.
             Slain by a hound (5 damage)
             ... on level 5 of the Dungeon.
             The game lasted 00:04:11 (3135 turns).

bearlyready the Ruffian (Octopode Shapeshifter)     Turns: 3135, Time: 00:04:11

Health: -2/45      AC:  1    Str: 16    XL:     7   Next: 40%
Magic:  7/7        EV: 13    Int: 12    God:
Gold:   261        SH:  0    Dex: 11    Spells: 6/6 levels left

rFire   . . .        t - +1 morningstar (protect)
rCold   . . .        (no shield)
rNeg    . . .        (helmet currently unavailable)
rPois   .            (no amulet)
rElec   .            (no ring)
rCorr   .            (no ring)
SInv    .            (no ring)
Will    .....        (no ring)
Stlth   ++           (no ring)
HPRegen 0.27/turn    (no ring)
MPRegen 0.10/turn    (no ring)
                     (no ring)

%: no passive effects
@: beast-form, weak-willed
A: beast (slay +2), almost no armour, amphibious, 8 rings, camouflage 1,
gelatinous body 1, (nimble swimmer 1), tentacles
a: Begin Untransformation


You were on level 5 of the Dungeon.
You were a hulking beast.
You visited 1 branch of the dungeon, and saw 5 of its levels.

You collected 261 gold pieces.

Inventory:

Hand Weapons
 t - a +1 morningstar of protection (weapon)
Missiles
 g - 21 stones (quivered)
 w - 8 poisoned darts
 B - 2 darts of dispersal
Armour
 i - an orb of energy
 r - an orb of energy
Talismans
 b - a beast talisman
 c - a flux talisman
 e - a flux talisman
Wands
 y - a wand of polymorph (5)
Scrolls
 d - a scroll of vulnerability
 j - 2 scrolls of blinking {unknown}
 l - a scroll of noise
 n - 5 scrolls of identify {unknown}
 o - a scroll of enchant armour {unknown}
 q - a scroll of butterflies {unknown}
 s - a scroll of amnesia
 v - a scroll of immolation {unknown}
 x - a scroll of enchant weapon {unknown}
 A - 2 scrolls of revelation {unknown}
Potions
 f - 2 potions of curing {unknown}
 h - a potion of mutation {unknown}
 k - 2 potions of haste {unknown}
 m - a potion of degeneration {unknown}
 p - a potion of resistance {unknown}
 u - 2 potions of might {unknown}
 z - a potion of heal wounds {unknown}


   Skills:
 + Level 2.9 Fighting
 - Level 2.0 Dodging
 + Level 5.4 Unarmed Combat
 + Level 3.0 Evocations
 + Level 5.1 Shapeshifting


You had 6 spell levels left.
You didn't know any spells.
Your spell library contained the following spells:

 Spells                   Type           Power      Damage    Failure   Level
 Apportation              Tloc           0%         N/A       32%         1
 Necrotise                Necr           0%         1d4       32%         1
 Sting                    Conj/Alch      0%         1d3       32%         1
 Summon Small Mammal      Summ           0%         N/A       32%         1
 Jinxbite                 Hex            0%         N/A       45%         2
 Hailstorm                Conj/Ice       0%         3d5       69%         3
 Summon Ice Beast         Ice/Summ       0%         N/A       69%         3
 Alistair's Intoxication  Alch           0%         N/A       100%        5
 Sculpt Simulacrum        Ice/Alch       0%         N/A       100%        6


Dungeon Overview and Level Annotations

Branches:
Dungeon (5/15)
 Temple: D:4-7

Altars:

Shops:
D:4 :

Annotations:
D:3 Eustachio


Innate Abilities, Weirdness & Mutations

You are a hulking beast.
Your limbs bulge with bestial killing power. (Slay +2)
You cannot wear most types of armour.
You are amphibious.
You can wear up to eight rings at the same time.
Your skin changes colour to match your surroundings (Stealth+).
Your rubbery body absorbs attacks. (AC +1, EV +1)
((You are camouflaged when in or above water. (Stealth+)))
You have tentacles for arms and can constrict up to eight enemies at once.


Message History

The hound bites you but does no damage. x4
Okay, then.
You miss the hound.
The hound bites you but does no damage. x4
You puncture the hound!
Your weapon exudes an aura of protection.
The hound is severely wounded.
The hound barely misses you. The hound completely misses you.
The hound bites you. x3
You barely miss the hound.
The hound is severely wounded.
The hound bites you but does no damage. x4
You thump the hound!
You kill the hound!
The hound bites you but does no damage. x2
The howler monkey hoots and howls with incredible vigour!
The hound bites you.
You closely miss the hound.
You feel less wooden.
You turn into a hulking beast.
The hound bites you but does no damage. The hound bites you. x2
* * * LOW HITPOINT WARNING * * *
The hound bites you but does no damage. The hound misses you.
As you read the scroll labelled DARCHU OHOCY, it crumbles to dust.
You hear a loud clanging noise!
It was a scroll of noise.
The hound barely misses you. The hound bites you.
* * * LOW HITPOINT WARNING * * *
The hound bites you but does no damage.
Okay, then.
As you read the scroll labelled PEG KUIDARPH, it crumbles to dust.
It is a scroll of amnesia.
You feel forgetful for a moment. The hound barely misses you.
The hound bites you.
* * * LOW HITPOINT WARNING * * *
The hound misses you.
Unknown command.
As you read the scroll labelled JEFAPS JYSH, it crumbles to dust.
A wave of despondency washes over your surroundings.
It was a scroll of vulnerability.
The hound closely misses you. The hound barely misses you. The hound bites you.
You die...

#.... ....
... ..# .. #
#.## #.#
#.†#####..$#
#h##....#
#hhw..###
##hfo..#
#hoo####
##o#.#
.######..#.#
........##.#
.S..#####..#
. ...


You could see a sleepcap (weak-willed), a howler monkey (weak-willed), 3 hounds,
a dart slug (weak-willed) and 4 orcs.

Vanquished Creatures
  2 ogres
  A phantom (D:5)
  Blork the orc (D:4)
  A bombardier beetle (D:4)
  An orc priest (D:3)
  2 hounds (D:5)
  3 gnolls (D:4)
  3 adders
  2 ufetubi (D:4)
  6 dart slugs
  2 ribbon worms (D:3)
  5 orcs
  12 bats
  7 endoplasms
  3 giant cockroaches
  5 goblins
  11 hobgoblins
  4 quokkas
  5 ball pythons
  4 frilled lizards
  8 kobolds
  6 rats
94 creatures vanquished.

Notes
Turn   | Place    | Note
-------+----------+-------------------------------------------
     0 | D:1      | bearlyready the Octopode Shapeshifter began the quest for
                  | the Orb.
     0 | D:1      | Reached XP level 1. HP: 13/13 MP: 1/1
   118 | D:1      | Reached XP level 2. HP: 16/18 MP: 2/2
   450 | D:1      | Reached XP level 3. HP: 23/23 MP: 3/3
  1284 | D:2      | Noticed an ogre
  1341 | D:3      | Reached XP level 4. HP: 16/28 MP: 4/4
  1731 | D:3      | Reached XP level 5. HP: 26/33 MP: 5/5
  2113 | D:4      | Noticed Eustachio
  2297 | D:4      | Reached skill level 1 in Evocations
  2316 | D:4      | Found Eruupp's Book Shoppe.
  2319 | D:4      | Noticed an ogre
  2322 | D:4      | Killed an ogre
  2323 | D:4      | Reached XP level 6. HP: 22/38 MP: 6/6
  2474 | D:4      | Noticed Blork the orc
  2478 | D:4      | Killed Blork the orc
  2479 | D:4      | Reached skill level 5 in Unarmed Combat
  2865 | D:2      | Reached XP level 7. HP: 27/45 MP: 7/7
  3095 | D:5      | Entered Level 5 of the Dungeon
  3106 | D:5      | Reached skill level 5 in Shapeshifting
  3135 | D:5      | Slain by a hound

Illustrated notes

Levels and vault maps discovered:
D:1:      onia_arrival_mini_spirals, layout_basic
D:2:      layout_basic, serial_bayou_pond_e
D:3:      layout_rooms, serial_aquarium, aquarium_bridge_long_joined
          [aquarium_subvault_wall, aquarium_subvault_bridge,
          aquarium_subvault_wall, aquarium_subvault_bridge,
          aquarium_subvault_bridge, aquarium_subvault_bridge],
          aquarium_window_fake, aquarium_window_fake, aquarium_view_2f,
          aquarium_view_2e, aquarium_balcony_3a, aquarium_pool_corner
D:4:      layout_rooms, serial_shops, nicolae_shop_tiny_real_fake_doors,
          uniq_blork_the_orc, uniq_eustachio
D:5:      layout_rooms, minmay_misc_feat_square

Skill      XL: |  1  2  3  4  5  6  7 |
---------------+----------------------+-----
Unarmed Combat | 4 5 |  5.4
Shapeshifting  | 4 5 |  5.1
Evocations     | 1 2 3 |  3.0
Fighting       | 2 |  2.9
Dodging        | |  2.0

Action                     |  1- 3 |  4- 6 |  7- 9 || total
---------------------------+-------+-------+-------++-------
  Melee: Unarmed           |    76 |    33 |       ||   109
         Constrict         |    18 |    18 |       ||    36
         Tentacles         |     9 |    15 |     1 ||    25
         Punch             |     2 |     2 |     1 ||     5
         Morningstar       |       |    55 |    32 ||    87
    Use: Scroll            |       |       |     3 ||     3
         Potion            |       |       |     1 ||     1
   Stab: Sleeping          |    10 |     3 |       ||    13
         Distracted        |       |     1 |       ||     1
 Armour: Skin              |    29 |    53 |   119 ||   201
  Dodge: Dodged            |    43 |   102 |    25 ||   170
